 Dungeon Crawl Stone Soup version 0.28-a0-589-g333b8329f1 (webtiles) character file.

Game seed: 7654989669417569984

309 Sabo the Covered (level 6, -8/48 HPs)
             Began as a Formicid Fighter on Oct 3, 2021.
             Was a Priest of Lugonu.
             Mangled by an ogre (24 damage)
             ... on level 4 of the Dungeon.
             The game lasted 00:23:02 (3719 turns).

Sabo the Covered (Formicid Fighter)                 Turns: 3719, Time: 00:23:03

Health: -8/48      AC: 10    Str: 22    XL:     6   Next: 69%
Magic:  15/15      EV:  8    Int:  7    God:    Lugonu [***...]
Gold:   78         SH:  5    Dex: 11    Spells: 5/5 levels left

rFire   . . .      SeeInvis +   s - +2 short sword (elec)
rCold   . . .      Faith    .   c - +0 buckler
rNeg    . . .      Spirit   .   t - +0 chain mail
rPois   .          Reflect  .   (helmet unavailable)
rElec   .          Harm     .   w - scarf {repulsion}
rCorr   .          Rampage  .   f - +0 pair of gloves
Will    +....                   (no boots)
Stlth   ..........              (no amulet)
HPRegen 0.16/turn               i - ring of willpower
MPRegen 0.14/turn               e - ring of magical power

@: repel missiles
A: permanent stasis, dig shafts and tunnels, antennae 3, four strong arms
a: Dig, Shaft Self, Renounce Religion, Depart the Abyss, Bend Space, Banish


You were on level 4 of the Dungeon.
You worshipped Lugonu.
Lugonu was most pleased with you.
You visited 1 branch of the dungeon, and saw 4 of its levels.

You collected 78 gold pieces.

Inventory:

Hand Weapons
 a - a +0 war axe
 s - a +2 short sword of electrocution (weapon)
 v - a +0 scythe
 x - a +0 hunting sling
Missiles
 b - 3 boomerangs
 h - 6 poisoned darts
 m - 15 bolts
 o - 2 atropa-tipped darts
 p - 45 arrows
Armour
 c - a +0 buckler (worn)
 f - a +0 pair of gloves (worn)
 t - a +0 chain mail (worn)
 w - a scarf of repulsion (worn)
 y - a +0 cloak
Jewellery
 e - a ring of magical power (right hand)
 i - a ring of willpower (left hand)
Scrolls
 j - a scroll of fog
 q - a scroll of holy word {unknown}
 u - a scroll of silence {unknown}
Potions
 d - a potion of might
 g - a potion of invisibility {unknown}
 k - a potion of flight
 l - a potion of curing {unknown}
 n - a potion of attraction {unknown}
 r - a potion of mutation {unknown}
 z - a potion of heal wounds {unknown}


   Skills:
 + Level 3.9 Fighting
 + Level 1.6 Short Blades
 + Level 4.0 Axes
 + Level 4.8 Armour
 + Level 1.0 Dodging
 + Level 0.8 Stealth
 + Level 4.6 Shields


You had 5 spell levels left.
You didn't know any spells.
Your spell library contained the following spells:

 Spells                   Type           Power      Damage    Failure   Level
 Call Canine Familiar     Summ           0%         N/A       100%        3
 Portal Projectile        Hex/Tloc       0%         N/A       100%        3
 Tukima's Dance           Hex            0%         N/A       100%        3
 Leda's Liquefaction      Hex/Erth       0%         N/A       100%        4
 Passage of Golubria      Tloc           N/A        N/A       100%        4
 Yara's Violent Unravell  Hex/Tmut       0%         3d3       100%        5


Dungeon Overview and Level Annotations

Branches:
Dungeon (4/15)
 Temple: D:4-7

Altars:
Elyvilon
Fedhas
Uskayaw
Lugonu

Shops:
D:1 (


Innate Abilities, Weirdness & Mutations

You cannot be hasted, slowed, berserked, paralysed or teleported.
You can dig through walls and to a lower floor.
You have a pair of large antennae on your head. (SInv)
Your four strong arms can wield two-handed weapons with a shield.


Message History

Found 2 atropa-tipped darts and Great Wizards, Vol.
VII.
There is a stone staircase leading up here.
The kobold throws a poisoned dart.
The poisoned dart barely misses you.
The kobold throws a poisoned dart.
The poisoned dart is repelled.
You hit the kobold.
You kill the kobold!
Lugonu accepts your kill.
Things that are here:
a +0 short sword; 6 poisoned darts; a kobold corpse
h - 6 poisoned darts You see here 2 atropa-tipped darts.
You see here 2 atropa-tipped darts.
o - 2 atropa-tipped darts You pick up Great Wizards, Vol.
VII and begin reading...
You add the spells Tukima's Dance, Passage of Golubria and Yara's Violent Unravelling to your library.
You see here 20 stones.
Found a brown potion.
You are starting to lose your buoyancy.
z - a brown potion You float gracefully downwards.
Found a scroll of teleportation.
An ogre comes into view. It is wielding a +0 giant club.
The ogre shouts!
Found a stone staircase leading up.
The ogre hits you with a +0 giant club!
You puncture the ogre!
The ogre is moderately wounded.
You barely miss the ogre.
The ogre is moderately wounded.
The ogre barely misses you.
You hit the ogre.
The ogre is moderately wounded.
The ogre hits you with a +0 giant club!
An orc comes into view.
It is wielding a +1 falchion of protection.
You barely miss the ogre.
The ogre is moderately wounded.
The orc shouts!
The ogre hits you with a +0 giant club!!
Ouch! That really hurt!
You die...

#..########.<.#
#...# #####
#...# #...# #
#...#.###.#
##...#.....
##......##
###.....##.##
........O@....#
#####...####.#.#
....... .#
....##.# ..
...?. #.# ...
#.... #.. .<..
##.# ### ....#
....#


You could see an ogre.

Vanquished Creatures
  Sigmund (D:3)
  An orc priest (D:3)
  An orc wizard (D:3)
  An adder (D:3)
  A gnoll (D:1)
  3 dart slugs
  3 orcs (D:3)
  A ball python (D:3)
  5 bats
  5 endoplasms
  3 giant cockroaches
  4 goblins
  8 hobgoblins
  5 jackals
  A quokka (D:1)
  2 frilled lizards (D:1)
  14 kobolds
  3 rats
62 creatures vanquished.

Vanquished Creatures (others)
  A fungus (D:3)
  2 plants
3 creatures vanquished.

Grand Total: 65 creatures vanquished

Notes
Turn   | Place    | Note
-------+----------+-------------------------------------------
     0 | D:1      | Sabo the Formicid Fighter began the quest for the Orb.
     0 | D:1      | Reached XP level 1. HP: 18/18 MP: 1/1
   184 | D:1      | Found a faded altar of an unknown god.
   189 | D:1      | Reached XP level 2. HP: 23/24 MP: 2/2
   199 | D:1      | Became a worshipper of Lugonu the Unformed
   199 | D:1      | Reached * piety under Lugonu
   199 | D:1      | Reached ** piety under Lugonu
   374 | D:1      | Found Learal's Antique Weapon Boutique.
   665 | D:1      | Reached XP level 3. HP: 21/29 MP: 3/3
  1516 | D:2      | Reached XP level 4. HP: 36/36 MP: 4/4
  2061 | D:2      | Reached *** piety under Lugonu
  2337 | D:3      | Noticed a +0 dagger
  2338 | D:3      | Noticed a +0 falchion
  2338 | D:3      | Noticed a +0 spear
  2339 | D:3      | Noticed a +0 short sword
  2339 | D:3      | Noticed a +0 short sword
  2340 | D:3      | Noticed a +0 dagger
  2340 | D:3      | Noticed a +0 falchion
  2340 | D:3      | Noticed a +0 spear
  2342 | D:3      | Found a hide-covered altar of Uskayaw.
  2381 | D:3      | Found a blossoming altar of Fedhas.
  2632 | D:3      | Reached XP level 5. HP: 41/42 MP: 5/5
  2681 | D:3      | Noticed Sigmund
  2687 | D:3      | Killed Sigmund
  2688 | D:3      | Reached skill level 1 in Short Blades
  2688 | D:3      | Reached skill level 1 in Dodging
  2688 | D:3      | Reached XP level 6. HP: 44/48 MP: 6/6
  2716 | D:3      | Found a white marble altar of Elyvilon.
  3708 | D:4      | Noticed an ogre
  3719 | D:4      | Mangled by an ogre

Illustrated notes

Levels and vault maps discovered:
D:1:      dpeg_arrival_ternary, layout_loops_ring,
          dilly_ecumenical_altar_fadedgnrine, serial_shops, shop,
          bh_walls_and_bars
D:2:      layout_basic, serial_forest, infiniplex_forest_end_1,
          infiniplex_forest_split, infiniplex_forest_corner_2,
          infiniplex_forest_lined_3_way, infiniplex_forest_straight_3,
          infiniplex_forest_lined_2, infiniplex_forest_lined_room_3
D:3:      layout_basic, nicolae_uskayaw_en_pointe, elyvilon_altar_5,
          fedhas_altar_3, grunt_ministairs_9, kennysheep_generic_room_7,
          uniq_sigmund
D:4:      layout_loops_ring, gammafunk_ghost_gnarly_gnolls, minivault_19

Skill      XL: |  1  2  3  4  5  6 |
---------------+-------------------+-----
Shields        | 4 |  4.6
Axes           | 3 4 |  4.0
Armour         | 4 |  4.8
Short Blades   | 1 |  1.6
Dodging        | 1 |  1.0
Fighting       | |  3.9
Stealth        | |  0.8

Action                   |  1- 3 |  4- 6 || total
-------------------------+-------+-------++-------
Melee: War axe           |   114 |    18 ||   132
       Short sword       |       |    56 ||    56
 Abil: Dig               |     4 |     5 ||     9
  Use: Scroll            |     1 |     2 ||     3
       Potion            |       |     1 ||     1
Armor: Scale mail        |    55 |    11 ||    66
       Chain mail        |       |    12 ||    12
Dodge: Dodged            |    44 |    23 ||    67
       Repelled          |       |     1 ||     1
Block: Buckler           |    29 |    10 ||    39

Table legend: (Time is in decaauts)
 A = Elapsed time spent in this place.
 B = Non-inter-level travel time spent in this place.
 C = Inter-level travel time spent in this place.
 D = Time resting spent in this place.
 E = Time spent auto-exploring this place.
 F = Levels seen in this place.
 G = Mean time per level.
                   A        B        C        D        E       F      G
               +--------+--------+--------+--------+--------+-----+--------+
         Total |   3773 |   3773 |      0 |    494 |     37 |   4 |  943.2 |
       Dungeon |   3773 |   3773 |      0 |    494 |     37 |   4 |  943.2 |
               +--------+--------+--------+--------+--------+-----+--------+

Top non-repeatable levels by time:
     D:3: 1331 daAuts
     D:1: 1210 daAuts
     D:2: 1155 daAuts
     D:4: 75 daAuts
